 Dungeon Crawl Stone Soup version 0.28-a0-413-gde365fb1df (webtiles) character file.

Game seed: 17563213044778201840

1421 Zenkrye the Chopper (level 8, -3/67 HPs)
             Began as a Gnoll Cinder Acolyte on Sept 7, 2021.
             Was an Elder of Ignis.
             Slain by a komodo dragon (5 damage)
             ... on level 5 of the Dungeon.
             The game lasted 00:15:12 (4626 turns).

Zenkrye the Chopper (Gnoll Cinder Acolyte)          Turns: 4626, Time: 00:15:13

Health: -3/67      AC:  6    Str: 13    XL:     8   Next: 72%
Magic:  14/14      EV: 12    Int: 16    God:    Ignis [****..]
Gold:   176        SH:  5    Dex:  8    Spells: 14/16 levels left

rFire   + . .      SeeInvis .   j - +7 club (spect)
rCold   . . .      Faith    .   (no shield)
rNeg    . . .      Spirit   .   b - +0 robe
rPois   .          Reflect  +   (no helmet)
rElec   .          Harm     .   (no cloak)
rCorr   .          Rampage  .   (no gloves)
Will    +....                   (no boots)
Stlth   ++........              l - amulet of reflection
HPRegen 0.21/turn               e - ring of willpower
MPRegen 0.14/turn               p - +4 ring of protection

@: no status effects
A: fangs 1, strong nose, distributed training
a: Renounce Religion, Sea of Fire, Foxfire Swarm, Rising Flame


You were on level 5 of the Dungeon.
You worshipped Ignis.
Ignis was greatly pleased with you.
You visited 1 branch of the dungeon, and saw 5 of its levels.

You collected 176 gold pieces.

Inventory:

Hand Weapons
 a - a -1 hand axe of flaming
 j - a +7 spectral club (weapon)
 k - a +2 whip of distortion
 z - a +0 war axe
 B - a -2 eveningstar
Missiles
 s - 279 stones
 x - 16 poisoned darts (quivered)
 C - 2 silver boomerangs
 F - a throwing net {!f}
Armour
 b - a +0 robe (worn)
 i - a +0 helmet
 m - a +0 kite shield
Jewellery
 c - a ring of ice
 e - a ring of willpower (left hand)
 f - a ring of protection from fire
 l - an amulet of reflection (around neck)
 p - a +4 ring of protection (right hand)
 u - a ring of willpower
Scrolls
 d - 10 scrolls of identify {unknown}
 g - a scroll of acquirement {unknown}
 o - a scroll of enchant armour {unknown}
 q - 2 scrolls of amnesia {unknown}
 r - a scroll of fog {unknown}
 y - a scroll of torment {unknown}
 D - a scroll of enchant weapon {unknown}
 E - a scroll of fear {unknown}
Potions
 h - a potion of lignification {unknown}
 n - a potion of heal wounds {unknown}
 t - a potion of flight {unknown}
 v - a potion of curing {@q1}
 w - a potion of degeneration {unknown}
 A - a potion of attraction {unknown}


   Skills:
 + Level 7.5 Fighting
 + Level 3.5 Short Blades
 + Level 3.5 Long Blades
 + Level 7.5 Axes
 + Level 3.5 Maces & Flails
 + Level 3.5 Polearms
 + Level 3.5 Staves
 + Level 3.5 Slings
 + Level 3.5 Bows
 + Level 3.5 Crossbows
 + Level 3.5 Throwing
 + Level 3.5 Armour
 + Level 3.5 Dodging
 + Level 3.5 Stealth
 + Level 3.5 Shields
 + Level 3.5 Unarmed Combat
 + Level 4.5 Spellcasting
 + Level 2.9 Conjurations
 + Level 2.9 Hexes
 + Level 2.9 Summonings
 + Level 2.9 Necromancy
 + Level 2.9 Translocations
 + Level 2.9 Transmutations
 + Level 6.2 Fire Magic
 + Level 2.9 Ice Magic
 + Level 2.9 Air Magic
 + Level 2.9 Earth Magic
 + Level 2.9 Poison Magic
 + Level 3.9 Invocations
 + Level 3.5 Evocations


You had 14 spell levels left.
You knew the following spells:

 Your Spells              Type           Power      Damage    Failure   Level
a - Scorch                Fire           46%        2d7       1%          2

Your spell library contained the following spells:

 Spells                   Type           Power      Damage    Failure   Level
 Summon Small Mammal      Summ           48%        N/A       4%          1
 Blink                    Tloc           N/A        N/A       8%          2
 Call Canine Familiar     Summ           12%        N/A       14%         3
 Lesser Beckoning         Tloc           12%        N/A       14%         3
 Summon Guardian Golem    Hex/Summ       12%        N/A       14%         3
 Tukima's Dance           Hex            12%        N/A       14%         3
 Olgreb's Toxic Radiance  Pois           12%        N/A       43%         4
 Passage of Golubria      Tloc           N/A        N/A       43%         4
 Manifold Assault         Tloc           12%        N/A       80%         5
 Yara's Violent Unravell  Hex/Tmut       6%         3d5       80%         5
 Ozocubu's Refrigeration  Ice            6%         4d6       100%        7
 Ignition                 Fire           11%        3d5       100%        8


Dungeon Overview and Level Annotations

Branches:
Dungeon (5/15)
 Temple: D:4-7

Altars:
Yredelemnul

Shops:
D:1 *[


Innate Abilities, Weirdness & Mutations

You have very sharp teeth.
Your uncanny sense of smell can sniff out nearby items.
Your experience applies equally to all skills.


Message History

Press ? for a list of commands and other information.
An iguana and a komodo dragon come into view.
Found 13 gold pieces.
The iguana hisses angrily.
You block the adder skeleton's attack.
There is an open door here.
You barely miss the ice beast.
The ogre shouts!
The komodo dragon hisses angrily.
The ice beast completely misses you. The adder skeleton barely misses you.
The gnoll shouts!
You sock the ice beast!
The ice beast is moderately wounded.
The ice beast barely misses you. The adder skeleton closely misses you.
You hit the ice beast but do no damage.
The ice beast is moderately wounded.
The ice beast hits you. The ice beast freezes you!
The adder skeleton bites you.
You barely miss the ice beast.
The ice beast is moderately wounded.
The ice beast closely misses you. The adder skeleton bites you.
The ice beast hits you. The ice beast freezes you!
You hit the ice beast.
The ice beast is moderately wounded.
The ice beast misses you. The komodo dragon bites you!!
* * * LOW HITPOINT WARNING * * *
Okay, then.
Okay, then.
Okay, then.
Okay, then.
Okay, then.
Okay, then.
Okay, then.
Okay, then.
Okay, then.
You feel better. The ice beast hits you.
* * * LOW HITPOINT WARNING * * *
The ice beast freezes you.
* * * LOW HITPOINT WARNING * * *
The komodo dragon bites you.
You die...

#####..#.#
##[..##.#.#
#!....#...
#..Zgl#..#
#[ZZlZ#..# ∆
+OYl##..# #@#...#
#....## ∆ ##....#
#....# ∆#....#
##....#######...#
###..........##...#
..................##
#............##.....


You could see a komodo dragon, an ice beast, an ogre, 2 iguanas, a gnoll, 2
bullfrog zombies, an adder skeleton and a water moccasin skeleton.

Vanquished Creatures
  A wraith (D:5)
  An ice beast (D:5)
  5 ogres
  2 phantoms
  4 scorpions
  A hound (D:5)
  A centaur zombie (D:5)
  Jessica (D:2)
  A bullfrog skeleton (D:5)
  Natasha (thrice) (D:3)
  A hound skeleton (D:4)
  Robin (D:2)
  9 adders
  A white imp (D:5)
  2 worms
  2 dart slugs
  2 orcs
  7 endoplasms
  2 giant cockroaches
  5 goblins (D:2)
  13 hobgoblins
  3 jackals (D:3)
  8 kobolds
  2 quokkas
  6 ball pythons
  6 bats
  5 frilled lizards
  4 rats
99 creatures vanquished.

Vanquished Creatures (others)
  26 foxfires
  14 fungi (D:4)
40 creatures vanquished.

Grand Total: 139 creatures vanquished

Notes
Turn   | Place    | Note
-------+----------+-------------------------------------------
     0 | D:1      | Zenkrye the Gnoll Cinder Acolyte began the quest for the
                  | Orb.
     0 | D:1      | Reached XP level 1. HP: 23/23 MP: 4/4
    28 | D:1      | Found Sofos's Assorted Antiques.
    77 | D:1      | Found Vamixisch's Armour Shoppe.
   444 | D:1      | Reached XP level 2. HP: 17/29 MP: 5/5
   595 | D:1      | Found a faded altar of an unknown god.
  1142 | D:2      | Noticed Jessica
  1323 | D:2      | Killed Jessica
  1324 | D:2      | Reached skill level 1 in Invocations
  1324 | D:2      | Reached XP level 3. HP: 35/35 MP: 7/7
  1335 | D:2      | Reached skill level 1 in Short Blades
  1335 | D:2      | Reached skill level 1 in Long Blades
  1335 | D:2      | Reached skill level 1 in Maces & Flails
  1335 | D:2      | Reached skill level 1 in Polearms
  1335 | D:2      | Reached skill level 1 in Staves
  1335 | D:2      | Reached skill level 1 in Slings
  1335 | D:2      | Reached skill level 1 in Bows
  1335 | D:2      | Reached skill level 1 in Crossbows
  1335 | D:2      | Reached skill level 1 in Throwing
  1335 | D:2      | Reached skill level 1 in Armour
  1335 | D:2      | Reached skill level 1 in Dodging
  1335 | D:2      | Reached skill level 1 in Stealth
  1335 | D:2      | Reached skill level 1 in Shields
  1335 | D:2      | Reached skill level 1 in Unarmed Combat
  1335 | D:2      | Reached skill level 1 in Evocations
  1407 | D:2      | Reached XP level 4. HP: 41/41 MP: 8/8
  1457 | D:2      | Noticed Robin
  1476 | D:2      | Killed Robin
  1486 | D:2      | HP: 2/41 [goblin/stone[Robin] (3)]
  1497 | D:2      | Reached skill level 1 in Conjurations
  1497 | D:2      | Reached skill level 1 in Hexes
  1497 | D:2      | Reached skill level 1 in Summonings
  1497 | D:2      | Reached skill level 1 in Necromancy
  1497 | D:2      | Reached skill level 1 in Translocations
  1497 | D:2      | Reached skill level 1 in Transmutations
  1497 | D:2      | Reached skill level 1 in Ice Magic
  1497 | D:2      | Reached skill level 1 in Air Magic
  1497 | D:2      | Reached skill level 1 in Earth Magic
  1497 | D:2      | Reached skill level 1 in Poison Magic
  1508 | D:2      | Learned a level 2 spell: Scorch
  2271 | D:3      | Noticed an ogre
  2278 | D:3      | Killed an ogre
  2279 | D:3      | Reached XP level 5. HP: 46/47 MP: 2/9
  2354 | D:3      | Noticed an ogre
  2359 | D:3      | Killed an ogre
  2360 | D:3      | Reached XP level 6. HP: 53/53 MP: 3/11
  2450 | D:3      | Noticed Natasha
  2468 | D:3      | Killed Natasha
  2681 | D:3      | Noticed Natasha
  2686 | D:3      | Killed Natasha
  2701 | D:3      | Noticed Natasha
  2706 | D:3      | Killed Natasha
  3167 | D:4      | Reached XP level 7. HP: 45/59 MP: 1/12
  3948 | D:5      | Entered Level 5 of the Dungeon
  3971 | D:5      | Reached XP level 8. HP: 51/67 MP: 1/14
  4367 | D:5      | Noticed a wraith
  4391 | D:5      | Killed a wraith
  4461 | D:5      | Found a basalt altar of Yredelemnul.
  4620 | D:5      | Noticed a komodo dragon
  4626 | D:5      | HP: 2/67 [ice beast (5)]
  4626 | D:5      | Slain by a komodo dragon

Illustrated notes

Levels and vault maps discovered:
D:1:      lightli_arrival_maybe_door_vault, layout_loops_ring,
          hellmonk_ecumenical_altar_crossroads, serial_shops,
          nicolae_shop_competitors_out_of_business, shop, minmay_misc_feat_room
D:2:      layout_loops_ring, uniq_robin, uniq_jessica
D:3:      layout_loops_ring, glass_columns_a, uniq_natasha
D:4:      old_forge, layout_basic
D:5:      layout_rooms, mainiacjoe_overflow_brackets, minmay_joined_circles

Skill      XL: |  1  2  3  4  5  6  7  8 |
---------------+-------------------------+-----
Invocations    | 1 2 3 |  3.9
Short Blades   | 1 2 3 |  3.5
Long Blades    | 1 2 3 |  3.5
Maces & Flails | 1 2 3 |  3.5
Polearms       | 1 2 3 |  3.5
Staves         | 1 2 3 |  3.5
Slings         | 1 2 3 |  3.5
Bows           | 1 2 3 |  3.5
Crossbows      | 1 2 3 |  3.5
Throwing       | 1 2 3 |  3.5
Armour         | 1 2 3 |  3.5
Dodging        | 1 2 3 |  3.5
Stealth        | 1 2 3 |  3.5
Shields        | 1 2 3 |  3.5
Unarmed Combat | 1 2 3 |  3.5
Evocations     | 1 2 3 |  3.5
Spellcasting   | 3 4 |  4.5
Conjurations   | 1 2 |  2.9
Hexes          | 1 2 |  2.9
Summonings     | 1 2 |  2.9
Necromancy     | 1 2 |  2.9
Translocations | 1 2 |  2.9
Transmutations | 1 2 |  2.9
Ice Magic      | 1 2 |  2.9
Air Magic      | 1 2 |  2.9
Earth Magic    | 1 2 |  2.9
Poison Magic   | 1 2 |  2.9
Fighting       | 7 |  7.5
Axes           | 7 |  7.5
Fire Magic     | 6 |  6.2

Action                   |  1- 3 |  4- 6 |  7- 9 || total
-------------------------+-------+-------+-------++-------
Melee: Hand axe          |    63 |       |       ||    63
       Bite              |     3 |     4 |     3 ||    10
       Club              |     8 |    86 |    51 ||   145
       Punch             |       |     1 |       ||     1
Throw: Dart              |       |    10 |    19 ||    29
       Boomerang         |       |       |     2 ||     2
 Cast: Scorch            |       |    12 |    15 ||    27
Invok: Foxfire Swarm     |     1 |       |     1 ||     2
       Sea of Fire       |       |       |     1 ||     1
  Use: Potion            |       |     3 |     1 ||     4
 Stab: Sleeping          |     2 |     3 |     1 ||     6
       Invisible         |       |     1 |       ||     1
Armor: Robe              |    28 |    11 |     6 ||    45
Dodge: Dodged            |    51 |    40 |    24 ||   115
Block: Other             |       |     5 |     9 ||    14
       Reflection        |       |     1 |     1 ||     2

Table legend: (Time is in decaauts)
 A = Elapsed time spent in this place.
 B = Non-inter-level travel time spent in this place.
 C = Inter-level travel time spent in this place.
 D = Time resting spent in this place.
 E = Time spent auto-exploring this place.
 F = Levels seen in this place.
 G = Mean time per level.
                   A        B        C        D        E       F      G
               +--------+--------+--------+--------+--------+-----+--------+
         Total |   4649 |   4486 |    163 |      0 |   3810 |   5 |  929.8 |
       Dungeon |   4649 |   4486 |    163 |      0 |   3810 |   5 |  929.8 |
               +--------+--------+--------+--------+--------+-----+--------+

Top non-repeatable levels by time:
     D:1: 1185 daAuts
     D:2: 1055 daAuts
     D:4: 880 daAuts
     D:3: 849 daAuts
     D:5: 679 daAuts
